 Dungeon Crawl Stone Soup version 0.28.0-43-g3370ac3207 (webtiles) character file.

Game seed: 235732925885535742

413 pkoi the Grasshopper (level 6, 0/48 HPs)
             Began as a Demigod Warper on Mar 29, 2022.
             Slain by a killer bee (7 damage)
             ... on level 5 of the Dungeon.
             The game lasted 00:08:06 (7367 turns).

pkoi the Grasshopper (Demigod Warper)               Turns: 7367, Time: 00:08:06

Health: 0/48       AC:  5    Str: 12    XL:     6   Next: 32%
Magic:  12/12      EV: 11    Int: 23    God:
Gold:   132        SH:  0    Dex: 13    Spells: 4/9 levels left

rFire   + . .      SeeInvis .   o - +0 short sword (venom)
rCold   . . .      Faith    .   (no shield)
rNeg    . . .      Spirit   .   a - +0 leather armour
rPois   .          Reflect  .   l - +0 helmet
rElec   .          Harm     .   (no cloak)
rCorr   .          Rampage  .   k - +0 pair of gloves
Will    .....                   (no boots)
Stlth   +.........              (no amulet)
HPRegen 0.16/turn               p - ring of protection from fire
MPRegen 0.13/turn               (no ring)

@: lethally poisoned (0 -> -8)
A: high MP 1, forlorn, divine attributes
a: no special abilities


You were on level 5 of the Dungeon.
You visited 2 branches of the dungeon, and saw 6 of its levels.

You collected 132 gold pieces.

Inventory:

Hand Weapons
 e - a +0 dagger
 f - a +1 short sword of flaming
 m - a +0 trident of protection
 o - a +0 short sword of venom (weapon)
 t - a +2 falchion of holy wrath
Missiles
 c - 4 boomerangs of dispersal (quivered)
Armour
 a - a +0 leather armour (worn)
 k - a +0 pair of gloves (worn)
 l - a +0 helmet (worn)
Jewellery
 p - a ring of protection from fire (left hand)
Wands
 n - a wand of polymorph (4)
Scrolls
 b - 2 scrolls of blinking
 j - a scroll of teleportation
 q - a scroll of fog
 s - a scroll of silence {unknown}
Potions
 d - 2 potions of heal wounds {unknown}
 g - a potion of might {unknown}
 h - a potion of curing
 i - a potion of brilliance {unknown}
 r - a potion of haste {unknown}


   Skills:
 - Level 1.7 Fighting
 - Level 0.8 Throwing
 - Level 0.8 Armour
 - Level 1.7 Dodging
 + Level 4.1 Unarmed Combat
 + Level 2.2 Spellcasting
 + Level 4.6 Translocations
 + Level 1.2 Transmutations
 + Level 1.2 Fire Magic
 + Level 1.2 Poison Magic


You had 4 spell levels left.
You knew the following spells:

 Your Spells              Type           Power      Damage    Failure   Level
a - Blink                 Tloc           48%        N/A       3%          2
b - Ignite Poison         Fire/Tmut/Pois 8%         N/A       28%         3

Your spell library contained the following spells:

 Spells                   Type           Power      Damage    Failure   Level
 Gell's Gravitas          Tloc           24%        N/A       7%          3
 Lesser Beckoning         Tloc           24%        N/A       7%          3
 Teleport Other           Tloc           24%        N/A       7%          3
 Beastly Appendage        Tmut           16%        N/A       10%         1
 Wereblood                Tmut           8%         N/A       14%         2
 Spider Form              Tmut/Pois      8%         N/A       28%         3
 Mephitic Cloud           Conj/Pois/Air  4%         N/A       38%         3
 Frozen Ramparts          Ice            4%         1d2       43%         3
 Ice Form                 Ice/Tmut       5%         N/A       77%         4
 Summon Ice Beast         Ice/Summ       2%         N/A       85%         4
 Manifold Assault         Tloc           24%        N/A       54%         5
 Freezing Cloud           Conj/Ice/Air   1%         6-21      99%         5


Dungeon Overview and Level Annotations

Branches:
Dungeon (5/15)             Temple (1/1) D:5

Annotations:
D:4 2 runed translucent doors, terff's ghost, amateur HuCj


Innate Abilities, Weirdness & Mutations

You have an increased reservoir of magic. (+10% MP)
You shall have no god before yourself.
Your divine heritage dramatically boosts your attributes as you level up.


Message History

Unknown command.
Your +2 falchion of holy wrath stops glowing.
Your +0 short sword of venom begins to drip with poison!
o - a +0 short sword of venom (weapon)
The killer bee closely misses you.
Aiming: Polymorph
Press: ? - help, Shift-Dir - straight line, f - killer bee
Aim: a killer bee (will become a swamp drake, an acid dragon, or a bat, chance to affect: 57%)
Okay, then.
Unknown command.
Unknown command.
The killer bee stings you! The killer bee closely misses you.
The killer bee barely misses you. The killer bee barely misses you.
The killer bee stings you but does no damage.
The killer bee stings you.
* * * LOW HITPOINT WARNING * * *
You are poisoned.
The killer bee poisons you!
You enter the shallow water.
Moving in this stuff is going to be slow.
You feel sick. The killer bee stings you.
* * * LOW HITPOINT WARNING * * *
You are more poisoned.
The killer bee poisons you! The killer bee closely misses you.
The killer bee stings you.
* * * LOW HITPOINT WARNING * * *
The killer bee stings you!
* * * LOW HITPOINT WARNING * * *
* * * LOW HITPOINT WARNING * * *
You feel very sick. The killer bee closely misses you.
The killer bee stings you but does no damage.
The killer bee closely misses you. x2; The killer bee barely misses you.
The killer bee stings you but does no damage.
The killer bee closely misses you. The killer bee barely misses you.
You feel sick. The killer bee stings you.
* * * LOW HITPOINT WARNING * * *
The killer bee stings you!
You die...

............# #...## .....
#........# #....# #..... .
###...#..# #....####...... 8.
#...#..## ##..........l...
..###.⌠.#...###......l........
........#......§≈≈...####.....
......###.....≈§§≈≈..# ...
......# #....§≈§yy≈§## .
......####...≈§≈@y§≈#
.........#...≈≈≈≈§≈≈#
.......<.#....≈≈§§≈.#
.........#..>..§≈§..#
###...####..######### #.8.#
#... #...# #... ##### ..


You could see an iguana and 3 killer bees.

Vanquished Creatures
  A necrophage (D:4)
  A phantom (D:2)
  A bullfrog skeleton (D:5)
  2 orc priests (D:2)
  2 orc wizards
  4 adders
  An ufetubus (D:4)
  2 worms
  A dart slug (D:1)
  9 orcs
  2 endoplasms
  2 giant cockroaches
  6 hobgoblins
  5 kobolds
  4 quokkas
  6 ball pythons
  7 bats
  A frilled lizard (D:3)
  4 goblins
  6 rats
67 creatures vanquished.

Notes
Turn   | Place    | Note
-------+----------+-------------------------------------------
     0 | D:1      | pkoi the Demigod Warper began the quest for the Orb.
     0 | D:1      | Reached XP level 1. HP: 17/17 MP: 5/5
   838 | D:1      | Reached XP level 2. HP: 6/24 MP: 7/7
  1665 | D:2      | Learned a level 2 spell: Blink
  1932 | D:2      | Reached XP level 3. HP: 28/29 MP: 8/8
  4153 | D:2      | Reached XP level 4. HP: 23/36 MP: 9/9
  4653 | D:2      | Reached XP level 5. HP: 16/41 MP: 10/10
  5076 | D:3      | HP: 1/41 [poisoned by an orc]
  5399 | D:2      | Learned a level 3 spell: Ignite Poison
  5688 | D:4      | Found a runed translucent door.
  5693 | D:4      | Noticed terff's ghost (amateur HuCj)
  5763 | D:4      | Noticed a necrophage
  5772 | D:4      | Killed a necrophage
  6369 | D:4      | Found a runed translucent door.
  6555 | D:2      | Reached skill level 1 in Transmutations
  6555 | D:2      | Reached skill level 1 in Fire Magic
  6555 | D:2      | Reached skill level 1 in Poison Magic
  6555 | D:2      | Reached XP level 6. HP: 21/48 MP: 10/12
  7067 | D:5      | Entered Level 5 of the Dungeon
  7083 | D:5      | Found a staircase to the Ecumenical Temple.
  7092 | Temple   | Entered the Ecumenical Temple
  7367 | D:5      | Slain by a killer bee

Illustrated notes

Levels and vault maps discovered:
D:1:      shiori_arrival_elements, layout_basic, minivault_24,
          chequers_serial_rivers_marsh
D:2:      layout_loops_ring, basic_altar
D:3:      cheibrodos_pilgrimage, layout_rooms, grunt_temple_overflow_open,
          minmay_misc_feat_rows
D:4:      layout_basic, ebering_ghost_sewer_f
D:5:      minmay_skewed_foursquare, layout_layer_cave,
          nicolae_overflow_hidden_temple, minmay_temple_entry_mist,
          nicolae_elevator_lobby_asterisk
Temple:   dpeg_chambers_temple

Skill      XL: |  1  2  3  4  5 |
---------------+----------------+-----
Unarmed Combat | 2 3 4 |  4.1
Translocations | 3 4 |  4.6
Spellcasting   | 2 |  2.2
Transmutations | 1 |  1.2
Fire Magic     | 1 |  1.2
Poison Magic   | 1 |  1.2
Fighting       | |  1.7
Throwing       | |  0.8
Armour         | |  0.8
Dodging        | |  1.7

Action                   |  1- 3 |  4- 6 || total
-------------------------+-------+-------++-------
Melee: Unarmed           |    94 |     4 ||    98
       Punch             |     2 |     7 ||     9
       Short sword       |   109 |    41 ||   150
       Trident           |       |    49 ||    49
       Falchion          |       |    16 ||    16
Throw: Boomerang         |       |     1 ||     1
  Use: Scroll            |     3 |     1 ||     4
       Potion            |       |     1 ||     1
 Stab: Sleeping          |     1 |       ||     1
Armor: Leather armour    |    67 |    40 ||   107
Dodge: Dodged            |   151 |    85 ||   236
